 Dungeon Crawl Stone Soup version 0.25-a0-731-g0472a16d6a (webtiles) character file.

Game seed: 12023920342168477673, levelgen mode: deterministic

29 Maedhros the Charlatan (level 3, 0/23 HPs)
             Began as an Octopode Artificer on Apr 9, 2020.
             Slain by an orc
             ... wielding a +0 club
              (3 damage)
             ... on level 2 of the Dungeon.
             The game lasted 00:00:55 (659 turns).

Maedhros the Charlatan (Octopode Artificer)          Turns: 659, Time: 00:00:55

Health: 0/23       AC:  1    Str: 11    XL:     3   Next: 16%
Magic:  6/6        EV: 13    Int: 13    God:
Gold:   50         SH:  0    Dex: 13    Spells: 2/2 levels left

rFire    . . .     SeeInvis .   a - +0 short sword
rCold    . . .     Gourm    .   (no shield)
rNeg     . . .     Faith    .   (helmet restricted)
rPois    .         Spirit   .   (no amulet)
rElec    .         Reflect  .   (no ring)
rCorr    .         Harm     .   (no ring)
MR       .....                  (no ring)
Stlth    +++.......             (no ring)
HPRegen  0.07/turn              (no ring)
MPRegen  0.10/turn              (no ring)
                                (no ring)
                                (no ring)

@: no status effects
A: almost no armour, stealthy swim, amphibious, 8 rings, constrict 8, camouflage
1, gelatinous body 1
a: no special abilities


You were on level 2 of the Dungeon.
You were not hungry.

You visited 1 branch of the dungeon, and saw 3 of its levels.

You collected 50 gold pieces.

Inventory:

Hand Weapons
 a - a +0 short sword (weapon)
Wands
 b - a wand of flame (13)
 c - a wand of enslavement (13)
 d - a wand of random effects (15)
Potions
 e - a potion of might {unknown}
 g - 2 potions of curing {unknown}
Comestibles
 f - 4 rations


   Skills:
 - Level 1.0 Fighting
 - Level 1.0 Short Blades
 - Level 2.0 Dodging
 + Level 3.2 Stealth
 + Level 4.0 Evocations


You had 2 spell levels left.
You didn't know any spells.
Your spell library was empty.

Dungeon Overview and Level Annotations

Branches:
Dungeon (3/15)

Altars:


Innate Abilities, Weirdness & Mutations

You cannot wear most types of armour.
You are very stealthy in the water. (Stealth+)
You are amphibious.
You can wear up to eight rings at the same time.
You can use your tentacles to constrict eight enemies at once.
Your skin changes colour to match your surroundings (Stealth+).
Your rubbery body absorbs attacks. (AC +1, EV +1)


Message History

Unknown command.
Evoke which item? (* to show all) (? for menu, Esc to quit)
Aiming: Enslavement
Press: ? - help, Shift-Dir - straight line, f - orc
Aim: an orc, wielding a +0 club (chance to defeat MR: 74%)
The orc struggles to resist.
The orc barely misses you. The orc hits you with a +0 dagger.
The orc hits you with a +0 club.
* * * LOW HITPOINT WARNING * * *
Evoke which item? (* to show all) (? for menu, Esc to quit)
Aiming: Enslavement
Press: ? - help, Shift-Dir - straight line, f - orc
Aim: an orc, wielding a +0 club (chance to defeat MR: 74%)
The orc is charmed.
Your orc hits the orc with a +0 hand axe. x2
The orc hits you with a +0 dagger.
* * * LOW HITPOINT WARNING * * *
You barely miss the orc. You grab the orc. You squeeze the orc.
The orc is heavily wounded.
You constrict the orc. The orc hits you with a +0 club.
You die...

#.# #.............+ #.#
#............<#
#.#####'#................
#.......##.####.#########
##########.............
######.###### #..†......#
#.####..#.# #.##@o..#.#
#######.##oo....#
#..........######
#.....<....†.....+
#.........)..#####
#............#
#............#
#..........?.#
##########...#


You could see 2 orcs and a friendly orc.

Vanquished Creatures
  A worm (D:2)
  3 dart slugs
  3 bats (D:2)
  A hobgoblin (D:1)
  6 jackals
  A frilled lizard (D:1)
  A goblin (D:2)
  2 kobolds (D:1)
  2 rats
20 creatures vanquished.

Notes
Turn   | Place    | Note
-------+----------+-------------------------------------------
     0 | D:1      | Maedhros the Octopode Artificer began the quest for the
                  | Orb.
     0 | D:1      | Reached XP level 1. HP: 13/13 MP: 3/3
   158 | D:1      | Reached XP level 2. HP: 4/18 MP: 4/4
   642 | D:2      | Reached XP level 3. HP: 23/23 MP: 5/5
   644 | D:2      | Reached skill level 4 in Evocations
   659 | D:2      | Slain by an orc

Levels and vault maps discovered:
D:1:      dpeg_arrival_round_c, layout_basic, minmay_strange_pillars,
          minmay_tetromino_t2
D:2:      layout_basic, lemuel_crystal_altar, grunt_decor_resistance
D:3:      layout_loops_ring, tso_metal_star, nicolae_ru_sacrificial_ziggurat

Skill      XL: |  1  2  3 |
---------------+----------+-----
Stealth        | 2 3 |  3.2
Evocations     | 4 |  4.0
Fighting       | |  1.0
Short Blades   | |  1.0
Dodging        | |  2.0

Action                   || total
-------------------------++-------
Melee: Short sword       ||    49
       Constrict         ||    16
       Tentacles         ||     7
Evoke: Wand              ||     4
 Stab: Sleeping          ||     2
Armor: Skin              ||     6
Dodge: Dodged            ||    43

Table legend:
 A = Non-vault XP
 B = Vault XP
 C = Vault XP percentage of total XP
 D = Non-vault monster count
 E = Vault monster count
 F = Vault count percentage of total count
                 A         B        C        D         E       F
            +---------+---------+-------+---------+---------+-------
      Total |      39 |       3 |   7.1 |      18 |       2 |  10.0
            +---------+---------+-------+---------+---------+-------
        D:1 |      20 |       3 |  13.0 |       9 |       2 |  18.2
        D:2 |      15 |       0 |   0.0 |       8 |       0 |   0.0
        D:3 |       4 |       0 |   0.0 |       1 |       0 |   0.0
            +---------+---------+-------+---------+---------+-------
